 Dungeon Crawl Stone Soup version 0.23-a0-650-ga4d50d4 (webtiles) character file.

92106 Blackhawk the Cleaver (level 16, -1/88 HPs)
             Began as a Vine Stalker Berserker on Jan 3, 2019.
             Was the Champion of Trog.
             Killed from afar by an orc sorcerer (36 damage)
             ... with a bolt of fire
             ... on level 15 of the Dungeon.
             The game lasted 01:06:54 (19348 turns).

Blackhawk the Cleaver (Vine Stalker Berserker)     Turns: 19348, Time: 01:06:55

Health: -1/88      AC: -10   Str: 30    XL:     16   Next: 5%
Magic:  0/23       EV: 11    Int:  7    God:    Trog [******]
Gold:   1686       SH: 13    Dex: 19    Spells: 15/15 levels left

rFire    . . .     SeeInvis .   b - +6 war axe of Righteous Fury {elec, +Inv}
rCold    + . .     Gourm    .   K - +0 shield
rNeg     . . .     Faith    .   x - +1 chain mail "Rire" {rC+ Regen+ Stlth-}
rPois    .         Spirit   +   j - +0 helmet
rElec    .         Reflect  .   l - +0 cloak (curse)
rCorr    .         Harm     .   R - +2 pair of gloves {Dex+3}
MR       ++...                  (no boots)
Stlth    ..........             W - amulet of regeneration
HPRegen  1.84/turn              P - +3 ring of protection
MPRegen  0.18/turn              e - +5 ring of strength

@: corroded, drained
A: fangs 3, regeneration 2, magic shield, antimagic bite, no potion heal 3, rot
immunity
a: Berserk, Trog's Hand, Brothers in Arms, Renounce Religion, Evoke Invisibility


You were on level 15 of the Dungeon.
You worshipped Trog.
Trog was exalted by your worship.
You were not hungry.

You visited 2 branches of the dungeon, and saw 21 of its levels.
You also visited: Sewer and Ossuary.

You collected 1686 gold pieces.

Inventory:

Hand Weapons
 a - the +5 hand axe of Tumult {flame, rElec rC+ SInv}
   (Trog gifted it to you on level 2 of the Lair of Beasts)

   It has been specially enchanted to burn those struck by it, causing extra
   injury to most foes and up to half again as much damage against particularly
   susceptible opponents.
   Big, fiery blades are also staple armaments of hydra-hunters.
   It protects you from cold.
   It insulates you from electricity.
   It lets you see invisible.
 b - the +6 war axe of Righteous Fury (weapon) {elec, +Inv}
   (You took it off an orc on level 6 of the Dungeon)

   Occasionally, upon striking a foe, it will discharge some electrical energy
   and cause terrible harm.
   It lets you turn invisible.
Armour
 j - a +0 helmet (worn)
 l - a cursed +0 cloak (worn)
 x - the +1 chain mail "Rire" (worn) {rC+ Regen+ Stlth-}
   (You found it on level 3 of the Lair of Beasts)

   It protects you from cold.
   It increases your rate of regeneration.
   It makes you less stealthy.
 K - a +0 shield (worn)
 R - a +2 pair of gloves of dexterity (worn)
Jewellery
 e - a +5 ring of strength (right hand)
 n - the ring "Vosuvun" {Fire rN++}
   (You found it on level 13 of the Dungeon)

   [ring of fire]

   It enhances your fire magic.
   It protects you from fire.
   It makes you vulnerable to cold.
   It greatly protects you from negative energy.
 y - an uncursed ring of see invisible
 P - a +3 ring of protection (left hand)
 W - an amulet of regeneration (around neck)
Wands
 s - a wand of clouds (7)
 v - a wand of digging (20)
 A - a wand of acid (7)
 L - a wand of enslavement (17)
 O - a wand of polymorph (46)
 S - a wand of iceblast (20)
 U - a wand of paralysis (11)
 V - a wand of disintegration (8)
 Z - a wand of flame (13)
Scrolls
 g - 10 scrolls of remove curse
 k - 13 scrolls of teleportation
 o - 4 scrolls of fear
 q - 2 scrolls of enchant armour
 t - a scroll of identify
 w - 3 scrolls of enchant weapon
 z - a scroll of silence
 C - a scroll of holy word
 G - 3 scrolls of magic mapping
 N - 4 scrolls of blinking
 Q - 2 scrolls of fog
 Y - 2 scrolls of summoning
Potions
 d - 10 potions of degeneration {unknown}
 h - 16 potions of curing
 i - 2 potions of might {unknown}
 m - 3 potions of lignification {unknown}
 p - 5 potions of ambrosia {unknown}
 r - 9 potions of heal wounds {unknown}
 u - 4 potions of flight {unknown}
 B - 4 potions of brilliance {unknown}
 D - 3 potions of resistance {unknown}
 E - 4 potions of invisibility
 F - 5 potions of haste
 H - a potion of cancellation {unknown}
 I - 7 potions of berserk rage {unknown}
 J - 3 potions of agility
 M - 2 potions of mutation {unknown}
Miscellaneous
 f - a phantom mirror
Comestibles
 c - 60 rations
 T - 13 chunks of flesh


   Skills:
 + Level 12.2(10.9) Fighting
 * Level 13.4(12.1) Axes
 + Level 11.2(9.9) Armour
 - Level 6.0(4.8) Dodging
 + Level 10.4(9.1) Shields
 + Level 8.3(7.1) Evocations


You had 15 spell levels left.
You didn't know any spells.
Your spell library was empty.

Dungeon Overview and Level Annotations

Branches:
Dungeon (15/15)            Temple (0/1) D:5            Lair (6/6) D:8
 Shoals (0/4) Lair:4        Snake (0/4) Lair:2        Slime (0/5) Lair:5
    Orc (0/2) D:11         Vaults (0/5) D:14
 Depths: D:15

Altars:
Ashenzari
Elyvilon
Fedhas
Gozag
Hepliaklqana
Nemelex Xobeh
Okawaru
Qazlal
Ru
Xom
Yredelemnul
Zin
Jiyva

Shops:
D:4 *   D:5 *   D:12 (

Annotations:
D:6 1 runed door, Greg's ghost, novice SpEn
Lair:6 exclusion: 4 oklob plants


Innate Abilities, Weirdness & Mutations

You have razor-sharp teeth.
You heal very quickly.
When hurt, damage is shared between your health and your magic reserves.
Your bite disrupts and absorbs the magic of your enemies.
Potions cannot restore your health.
You are immune to rotting.


Message History

Your chain mail "Rire" prevents you from hitting the rust devil.
The necromancer points at you and mumbles some strange words.
The bolt of fire hits the rust devil.
The rust devil completely resists.
The bolt of fire hits you! You block the rust devil's attack. x2
The orc sorcerer gestures at you while chanting.
The bolt of negative energy hits the rust devil.
The rust devil completely resists.
The bolt of negative energy hits you!
You feel drained.
The rust devil disappears in a puff of smoke!
The necromancer mumbles some strange words.
The necromancer binds the souls of nearby monsters.
Things that are here:
a +0 dagger; a +2 robe of magic resistance; an orc skeleton Your cyclops goes berserk!
You feel quite a bit more hungry. The rust devil hits you.
The rust devil corrodes you!
The orc sorcerer points at you and mumbles some strange words.
The bolt of fire hits the rust devil.
The rust devil appears unharmed.
The bolt of fire hits you!
You die...

### #### ##.. ##
####... ##.. .##
##...... #.Z# ..#
#......# #ZZ#
..####...... #op#
..##........ #..#
..##........
#.4#####..#.#.....<.
##.@...).#####......
##...).##...#......
###C###...........
#..##...........
#...............
#.....#.........
#...........<...
##........)......
#................


You could see a rust devil, a necromancer, an orc sorcerer, a hornet zombie, 2
wolf spider zombies and a friendly cyclops (berserk).

Vanquished Creatures
  Frances (D:12)
  The ghost of Ahrinia the Carver, a journeyman DsBe of Trog (D:13)
  Fannar (D:10)
  5 slime creatures
  Josephine (Lair:4)
  9 hydras
  A vault guard (D:14)
  4 catoblepae
  3 centaur warriors
  8 two-headed ogres
  3 tengu warriors
  Urug (D:10)
  5 death yaks (Lair:6)
  Nergalle (Lair:2)
  An unseen horror (D:11)
  2 wizards (D:14)
  A necromancer (D:14)
  2 manticores (Lair:6)
  2 orc sorcerers (D:15)
  2 deep elf magi
  2 oklob plants (Lair:3)
  5 ugly things
  3 cyclopes
  15 elephants
  A merfolk siren (Lair:4)
  7 black mambas
  A naga mage (D:15)
  Maurice (D:9)
  A centaur skeleton (D:15)
  9 spiny frogs
  4 rime drakes
  3 gargoyles
  5 komodo dragons
  2 ice devils (D:13)
  2 efreet
  6 yaktaurs
  A freezing wraith (D:15)
  3 tengu conjurers (D:15)
  3 meliai (D:14)
  8 trolls
  A wolf spider simulacrum (D:13)
  A queen bee (Lair:2)
  5 blink frogs
  A raiju (shapeshifter) (D:15)
  13 hippogriffs
  56 yaks
  A spriggan (shapeshifter) (D:14)
  2 shadows (D:15)
  2 vampires
  2 centaur simulacra (D:13)
  4 wyverns
  5 wraiths
  A water elemental (D:14)
  5 basilisks
  A hungry ghost (D:12)
  A steam dragon (D:11)
  21 humans
  Eustachio (D:6)
  Edmund (D:5)
  A warg (D:11)
  3 nagas (Lair:2)
  An acid dragon (D:14)
  16 water moccasins
  3 sky beasts
  10 orc warriors
  6 porcupines
  An ice beast (D:8)
  A black bear (Lair:4)
  3 phantoms
  A wolf (Lair:2)
  An eye of draining (D:14)
  7 ogres
  14 centaurs
  15 crocodiles
  Blork the orc (D:6)
  2 big kobolds
  18 bullfrogs
  3 wyvern zombies
  2 water moccasin skeletons
  4 scorpions
  34 killer bees
  4 electric eels
  17 wights
  3 howler monkeys
  7 crimson imps
  3 centaur zombies
  A quasit (D:9)
  A bullfrog zombie (D:10)
  6 hounds
  A human zombie (D:7)
  13 orc priests
  2 wyvern simulacra (D:13)
  11 orc wizards
  2 bullfrog skeletons
  8 jellies
  Crazy Yiuf (D:5)
  9 iguanas
  15 worker ants
  A hell rat (Lair:2)
  A big kobold zombie (Ossuary)
  3 bullfrog simulacra (D:13)
  9 mummies
  Robin (D:1)
  6 gnolls
  16 adders
  3 shadow imps
  18 oozes
  2 adder zombies
  3 worms
  17 leopard geckos
  35 orcs
  3 bats
  16 giant cockroaches
  2 gnoll zombies (Ossuary)
  17 goblins
  12 hobgoblins
  9 jackals
  16 kobolds
  3 quokkas
  20 ball pythons
  24 frilled lizards
  A hobgoblin zombie (Ossuary)
  A jackal skeleton (D:6)
  A jackal zombie (D:7)
  4 kobold zombies
  2 orc zombies
  A quokka skeleton (D:7)
  A quokka zombie (D:6)
  11 rats
  7 fungi
  2 plants
779 creatures vanquished.

Vanquished Creatures (collateral kills)
  The ghost of TheGoonsmith the Cruncher, a journeyman DsGl of Nemelex Xobeh (Lair:2)
  A hydra (Lair:2)
  A two-headed ogre (D:15)
  A centaur warrior (D:15)
  An ogre mage (D:15)
  Sonja (Lair:3)
  A slime creature (Lair:2)
  2 hungry ghosts
  A water moccasin (Lair:2)
  An ogre (D:15)
  3 jellies (Lair:2)
14 creatures vanquished.

Vanquished Creatures (others)
  A butterfly (Lair:4)
  A fungus (Lair:6)
  14 plants
16 creatures vanquished.

Grand Total: 809 creatures vanquished

Notes
Turn   | Place    | Note
-------+----------+-------------------------------------------
     0 | D:1      | Blackhawk the Vine Stalker Berserker began the quest for
                  | the Orb.
     0 | D:1      | Reached XP level 1. HP: 11/11 MP: 2/2
   499 | D:1      | Reached XP level 2. HP: 16/16 MP: 3/3
  1031 | D:2      | Noticed Robin
  1137 | D:1      | Reached skill level 3 in Axes
  1138 | D:1      | Reached XP level 3. HP: 17/20 MP: 4/4
  1142 | D:1      | Reached ** piety under Trog
  1165 | D:1      | Killed Robin
  1685 | D:2      | Gained mutation: Your natural rate of healing is unusually
                  | fast. [Vine Stalker growth]
  1685 | D:2      | Reached XP level 4. HP: 21/24 MP: 3/5
  1759 | D:2      | Found a faded altar of an unknown god.
  2936 | D:3      | Reached XP level 5. HP: 25/28 MP: 4/6
  3312 | D:4      | Found Waucoc's Assorted Antiques.
  3356 | D:4      | Reached *** piety under Trog
  3362 | D:4      | HP: 1/28 [gnoll/+0 spear (4)]
  3501 | D:4      | Got a fine whip
  3517 | D:4      | Identified the +4 whip of Myskeaqau {holy, rC+} (You found
                  | it on level 4 of the Dungeon)
  3634 | D:4      | Reached XP level 6. HP: 33/33 MP: 7/7
  3784 | D:4      | Got an iridescent falchion
  3785 | D:4      | Identified the cursed +0 falchion of the Ship {drain, +Fly
                  | Int-3 Dex+6 Stlth+} (You found it on level 4 of the
                  | Dungeon)
  4201 | D:5      | Entered Level 5 of the Dungeon
  4297 | D:5      | Found a glowing silver altar of Zin.
  4310 | D:5      | Found a staircase to the Ecumenical Temple.
  4320 | D:5      | Reached skill level 4 in Axes
  4420 | D:5      | Found Maasoyx's Serpentskin Sales.
  4421 | D:5      | Noticed a water moccasin
  4437 | D:5      | Killed a water moccasin
  4437 | D:5      | Reached XP level 7. HP: 19/37 MP: 8/8
  4524 | D:5      | Noticed Edmund
  4537 | D:5      | Killed Edmund
  4580 | D:5      | Found a sand-covered staircase.
  4585 | Ossuary  | Entered an ossuary
  4616 | Ossuary  | Reached **** piety under Trog
  4844 | D:5      | Gained mutation: You have razor-sharp teeth. [Vine Stalker
                  | growth]
  4844 | D:5      | Reached XP level 8. HP: 42/42 MP: 9/9
  5067 | D:5      | Found a runed door.
  5071 | D:5      | Noticed Crazy Yiuf
  5077 | D:5      | Killed Crazy Yiuf
  5077 | D:5      | Reached skill level 5 in Fighting
  5077 | D:5      | Reached skill level 5 in Axes
  5196 | D:6      | Got a bloodstained quarterstaff
  5203 | D:6      | Found a glowing drain.
  5223 | D:6      | Noticed Eustachio
  5238 | D:6      | Killed Eustachio
  5262 | Sewer    | Entered a sewer
  5347 | Sewer    | Reached ***** piety under Trog
  5648 | Sewer    | Received a gift from Trog
  5666 | Sewer    | Got a dazzling battleaxe {god gift}
  5694 | Sewer    | Identified the +6 battleaxe "Ahanoss" {antimagic, rElec rC+
                  | Dex+4} (Trog gifted it to you in a sewer)
  5695 | Sewer    | Identified the +11 quarterstaff of Flawed Execution
                  | {antimagic, *Slow Str+5} (You found it on level 6 of the
                  | Dungeon)
  5757 | D:6      | Identified the +6 war axe of Righteous Fury {elec, +Inv}
  5800 | D:6      | Reached XP level 9. HP: 48/48 MP: 10/10
  5851 | D:6      | Found a runed door.
  5889 | D:6      | Noticed Blork the orc
  5894 | D:6      | Reached skill level 5 in Dodging
  5897 | D:6      | Reached skill level 5 in Armour
  5899 | D:6      | Killed Blork the orc
  5942 | D:6      | Noticed Greg's ghost (novice SpEn)
  6111 | D:6      | Reached skill level 6 in Axes
  6287 | D:7      | Noticed a troll
  6319 | D:7      | Killed a troll
  6491 | D:7      | Reached XP level 10. HP: 31/53 MP: 11/11
  6759 | D:7      | Found a runed door.
  6764 | D:7      | Found a basalt altar of Yredelemnul.
  6773 | D:7      | Reached skill level 7 in Axes
  6773 | D:7      | Reached skill level 1 in Shields
  6833 | D:7      | Noticed a two-headed ogre
  6835 | D:7      | Found a glowing silver altar of Zin.
  6839 | D:7      | Killed a two-headed ogre
  6942 | D:8      | Received a gift from Trog
  7005 | D:8      | Found a stormy altar of Qazlal.
  7018 | D:8      | Found a staircase to the Lair.
  7935 | D:9      | Noticed Maurice
  7941 | D:9      | Killed Maurice
  7941 | D:9      | Reached skill level 8 in Axes
  8007 | D:9      | Reached XP level 11. HP: 60/60 MP: 12/12
  8294 | D:9      | Found a glowing silver altar of Zin.
  8295 | D:9      | Found a sparkling altar of Nemelex Xobeh.
  8295 | D:9      | Found an iron altar of Okawaru.
  8295 | D:9      | Found an opulent altar of Gozag.
  8295 | D:9      | Found a white marble altar of Elyvilon.
  8295 | D:9      | Found a shattered altar of Ashenzari.
  8297 | D:9      | Found a hazy altar of Hepliaklqana.
  8298 | D:9      | Found a sacrificial altar of Ru.
  8300 | D:9      | Found a basalt altar of Yredelemnul.
  8442 | D:10     | Entered Level 10 of the Dungeon
  8448 | D:10     | Received a gift from Trog
  8483 | D:10     | Noticed Fannar
  8483 | D:10     | Noticed Urug
  8492 | D:10     | Killed Fannar
  8496 | D:10     | Killed Urug
  8834 | D:10     | Found a shimmering altar of Xom.
  8968 | D:10     | Noticed a tengu warrior
  8971 | D:10     | Killed a tengu warrior
  8971 | D:10     | Reached skill level 5 in Shields
  9088 | D:11     | Noticed a two-headed ogre
  9104 | D:11     | Killed a two-headed ogre
  9117 | D:11     | Noticed a centaur warrior
  9172 | D:11     | Killed a centaur warrior
  9172 | D:11     | Reached skill level 9 in Axes
  9220 | D:11     | Killed an unseen horror
  9223 | D:11     | Found a staircase to the Orcish Mines.
  9395 | D:11     | Gained mutation: You heal very quickly. [Vine Stalker
                  | growth]
  9395 | D:11     | Reached XP level 12. HP: 50/66 MP: 9/13
  9461 | D:11     | Noticed a four-headed hydra
  9472 | D:11     | Killed a ten-headed hydra
  9542 | D:11     | Noticed a two-headed ogre
  9553 | D:11     | Killed a two-headed ogre
  9954 | D:11     | Reached skill level 1 in Evocations
 10141 | Lair:1   | Entered Level 1 of the Lair of Beasts
 10497 | Lair:1   | Got an ebony battleaxe
 10550 | Lair:1   | Noticed a six-headed hydra
 10563 | Lair:1   | Killed an eight-headed hydra
 10961 | Lair:2   | Found a blossoming altar of Fedhas.
 10967 | Lair:2   | Noticed a six-headed hydra
 10972 | Lair:2   | Killed a six-headed hydra
 11037 | Lair:2   | Reached skill level 10 in Axes
 11046 | Lair:2   | Reached skill level 10 in Fighting
 11289 | Lair:2   | Noticed Nergalle
 11296 | Lair:2   | Killed Nergalle
 11296 | Lair:2   | Reached XP level 13. HP: 72/72 MP: 16/16
 11593 | Lair:2   | Found a staircase to the Snake Pit.
 11984 | Lair:2   | Found a runed gate.
 11984 | Lair:2   | Found a runed gate.
 11984 | Lair:2   | Found a runed gate.
 12003 | Lair:2   | Found a viscous altar of Jiyva.
 12003 | Lair:2   | Noticed TheGoonsmith's ghost (journeyman DsGl)
 12030 | Lair:2   | Killed TheGoonsmith's ghost
 12135 | Lair:2   | Received a gift from Trog
 12186 | Lair:2   | Identified the +0 battleaxe "Qaxeonn" {holy, rF+} (You
                  | found it on level 1 of the Lair of Beasts)
 12188 | Lair:2   | Got a jewelled hand axe {god gift}
 12189 | Lair:2   | Identified the +5 hand axe of Tumult {flame, rElec rC+
                  | SInv} (Trog gifted it to you on level 2 of the Lair of
                  | Beasts)
 12863 | Lair:3   | Got an ancient chain mail
 13007 | Lair:3   | Noticed Sonja
 13016 | Lair:3   | Killed Sonja
 13416 | Lair:4   | Noticed Josephine
 13430 | Lair:4   | Killed Josephine
 13445 | Lair:4   | Reached skill level 5 in Evocations
 13476 | Lair:4   | Identified the +1 chain mail "Rire" {rC+ Regen+ Stlth-}
                  | (You found it on level 3 of the Lair of Beasts)
 13490 | Lair:4   | Found a staircase to the Shoals.
 14395 | Lair:5   | Reached skill level 11 in Axes
 14488 | Lair:5   | Reached XP level 14. HP: 72/79 MP: 16/19
 14564 | Lair:5   | Found a staircase to the Slime Pits.
 14633 | Lair:5   | Reached skill level 10 in Armour
 14913 | Lair:6   | Entered Level 6 of the Lair of Beasts
 15231 | Lair:6   | Received a gift from Trog
 15234 | Lair:6   | Got a crystal broad axe {god gift}
 15265 | Lair:6   | Identified the +8 broad axe of Dissolution {freeze, Str+3}
                  | (Trog gifted it to you on level 6 of the Lair of Beasts)
 15726 | Lair:6   | Reached skill level 12 in Axes
 16467 | D:12     | Reached XP level 15. HP: 83/83 MP: 21/21
 16531 | D:12     | Received a gift from Trog
 16558 | D:12     | Found Papnyr's Weapon Boutique.
 16703 | D:12     | Noticed Frances
 16715 | D:12     | Killed Frances
 17042 | D:13     | Reached ****** piety under Trog
 17069 | D:13     | Found a runed gate.
 17070 | D:13     | Found a runed gate.
 17072 | D:13     | Found a runed gate.
 17535 | D:13     | Noticed Ahrinia's ghost (journeyman DsBe)
 17911 | D:13     | Killed Ahrinia's ghost
 17977 | D:13     | Got the ring "Vosuvun" {Fire}
 17978 | D:13     | Identified the ring "Vosuvun" {Fire rN++} (You found it on
                  | level 13 of the Dungeon)
 18126 | D:14     | Received a gift from Trog
 18151 | D:14     | Reached skill level 10 in Shields
 18279 | D:14     | Reached skill level 13 in Axes
 18369 | D:14     | Found an iron altar of Okawaru.
 18464 | D:14     | Found a gate to the Vaults.
 18876 | D:15     | Entered Level 15 of the Dungeon
 18882 | D:15     | Received a gift from Trog
 18989 | D:15     | Reached XP level 16. HP: 81/88 MP: 23/23
 19348 | D:15     | Killed from afar by an orc sorcerer

Vault maps used:
D:1:      dpeg_arrival_water_temple_mockup
D:2:      first_ration, chequers_ecumenical_altar_island, uniq_robin
D:3:      minmay_skewed_foursquare, minmay_box_of_dots
D:4:      serial_shops, shop
D:5:      minmay_temple_entry_large_hall, basic_altar,
          nicolae_ossuary_entry_giza, guppyfry_shop_venom, uniq_edmund,
          uniq_crazy_yiuf_cottage
D:6:      ebering_ghost_sewer_d, portal_sewer_entry_a,
          minmay_misc_feat_enclosed, uniq_blork_the_orc, uniq_eustachio
D:7:      basic_altar, dk_yredelemnul_ordeal
D:8:      wander_river, lair_entry_dummy, basic_altar
D:9:      minitemple, minmay_lizard_king, uniq_maurice
D:10:     basic_altar, grunt_tengu_nest, uniq_urug, uniq_fannar
D:11:     minmay_bubble_buster, david_orc_3, minmay_shattered_shrine
D:12:     serial_shops, shop, uniq_frances
D:13:     gammafunk_ghost_icy, minivault_26
D:14:     grunt_vaults_entry_tiered, basic_altar
D:15:     grunt_enter_depths_magical_seal, serial_bayou_pond_e
Lair:2:   regret_index_tunnel_blossom, guppyfry_snake_entry_island, basic_altar,
          gammafunk_ghost_ooze, serial_bayou_lake_a, uniq_nergalle
Lair:3:   dpeg_oklob_shooting_range, uniq_sonja
Lair:4:   minmay_shoals_entry_lonely_mermaid, lemuel_old_faithful,
          lemuel_fruit_fields, uniq_josephine
Lair:5:   dpeg_slime_entry_corner, minivault_24, nicolae_quartered_pool_medium,
          minmay_holes
Lair:6:   evilmike_catoblepas_cave, grunt_forest_small_clearings,
          minmay_lair_oklob_chamber, serial_bayou_shore_b,
          infiniplex_staircase_pool
Sewer:    sewer_frog_island_02
Ossuary:  ossuary_tomb_3

Skill      XL: |  1  2  3  4  5  6  7  8  9 10 11 12 13 14 15 |
---------------+----------------------------------------------+-----
Fighting       | 3 4 5 6 8 9 10 11 12 | 12.2
Axes           | 3 4 5 6 8 9 10 11 12 13 | 13.4
Armour         | 2 3 4 5 7 8 9 10 11 | 11.2
Dodging        | 2 3 4 6 |  6.0
Shields        | 3 5 7 8 9 10 | 10.4
Evocations     | 3 5 7 8 |  8.3

Action                   |  1- 3 |  4- 6 |  7- 9 | 10-12 | 13-15 | 16-18 || total
-------------------------+-------+-------+-------+-------+-------+-------++-------
Melee: Hand axe          |    88 |   118 |       |       |    52 |       ||   258
       Bite              |    16 |    48 |   104 |   165 |   374 |    22 ||   729
       Whip              |       |    69 |   324 |       |       |       ||   393
       Halberd           |       |     2 |       |       |       |       ||     2
       War axe           |       |       |    67 |   467 |   747 |    41 ||  1322
       Broad axe         |       |       |       |       |     2 |       ||     2
Invok: Berserk           |       |     1 |     2 |     5 |     1 |       ||     9
       Brothers in Arms  |       |       |       |     4 |     4 |     1 ||     9
Evoke: Wand              |       |       |       |       |     6 |       ||     6
  Use: Scroll            |       |     1 |     6 |     5 |    11 |     2 ||    25
 Stab: Distracted        |       |       |       |       |     1 |       ||     1
  Eat: Chunk             |     2 |     9 |    11 |    22 |    25 |     1 ||    70
       Ration            |       |       |       |       |     1 |       ||     1
Armor: Storm dragon scal |    79 |   115 |   246 |   244 |    82 |       ||   766
       Chain mail        |       |       |       |       |   244 |    11 ||   255
Dodge: Dodged            |    64 |    87 |   226 |   148 |   255 |    11 ||   791
Block: Shield            |       |       |    51 |   277 |   472 |    23 ||   823

Table legend:
 A = Non-vault XP
 B = Vault XP
 C = Vault XP percentage of total XP
 D = Non-vault monster count
 E = Vault monster count
 F = Vault count percentage of total count
                 A         B        C        D         E       F
            +---------+---------+-------+---------+---------+-------
      Total |   80580 |   51001 |  38.8 |     480 |     304 |  38.8
            +---------+---------+-------+---------+---------+-------
        D:1 |      26 |      37 |  58.7 |      14 |      12 |  46.2
        D:2 |      42 |       0 |   0.0 |      15 |       0 |   0.0
        D:3 |      53 |      22 |  29.3 |      19 |       9 |  32.1
        D:4 |     202 |       0 |   0.0 |      11 |       0 |   0.0
        D:5 |     457 |     396 |  46.4 |      13 |      10 |  43.5
        D:6 |     641 |     297 |  31.7 |      28 |       9 |  24.3
        D:7 |    3010 |     233 |   7.2 |      39 |       3 |   7.1
        D:8 |    1186 |       0 |   0.0 |      27 |       0 |   0.0
        D:9 |    2382 |     615 |  20.5 |      29 |       8 |  21.6
       D:10 |    1686 |    2529 |  60.0 |      20 |       3 |  13.0
       D:11 |    2193 |    7691 |  77.8 |      22 |      35 |  61.4
       D:12 |    7555 |    2130 |  22.0 |      40 |       1 |   2.4
       D:13 |    5884 |    2837 |  32.5 |      20 |      11 |  35.5
       D:14 |   11141 |    7262 |  39.5 |      40 |      25 |  38.5
       D:15 |    7363 |    1573 |  17.6 |      23 |       3 |  11.5
     Lair:1 |    2885 |       0 |   0.0 |      11 |       0 |   0.0
     Lair:2 |    6219 |    8567 |  57.9 |      24 |      56 |  70.0
     Lair:3 |    2216 |    1618 |  42.2 |       8 |       3 |  27.3
     Lair:4 |    2731 |    2107 |  43.6 |       6 |       5 |  45.5
     Lair:5 |    5856 |       0 |   0.0 |      23 |       0 |   0.0
     Lair:6 |   16852 |   12494 |  42.6 |      48 |      27 |  36.0
      Sewer |       0 |     415 | 100.0 |       0 |      68 | 100.0
    Ossuary |       0 |     178 | 100.0 |       0 |      16 | 100.0
            +---------+---------+-------+---------+---------+-------
